 Dungeon Crawl Stone Soup version 0.26-a0-1184-g95e395e (webtiles) character file.

Game seed: 5119768060361216785

2909 Illumine the Cleaver (level 9, -5/82 HPs)
             Began as a Deep Dwarf Fighter on Dec 26, 2020.
             Was a Follower of Makhleb.
             Slain by an orc warrior
             ... wielding a +0 war axe
              (15 damage)
             ... on level 8 of the Dungeon on Dec 27, 2020.
             The game lasted 00:06:44 (5456 turns).

Illumine the Cleaver (Deep Dwarf Fighter)           Turns: 5456, Time: 00:06:44

Health: -5/82      AC: 13    Str: 24    XL:     9   Next: 49%
Magic:  5/5        EV: 11    Int:  8    God:    Makhleb [*.....]
Gold:   462        SH:  0    Dex: 24    Spells: 8/8 levels left

rFire    . . .     SeeInvis .   y - +4 battleaxe
rCold    . . .     Faith    .   (shield currently unavailable)
rNeg     . . .     Spirit   .   B - +0 chain mail
rPois    .         Reflect  .   (no helmet)
rElec    .         Harm     .   (no cloak)
rCorr    .         Rampage  .   (no gloves)
Will     +....                  H - +1 pair of boots
Stlth    ..........             (no amulet)
HPRegen  0.00/turn              f - +6 ring of dexterity
MPRegen  0.09/turn              A - +6 ring of dexterity

@: non-regenerating
A: damage resistance, heal wounds, sense surroundings 2, no regeneration
a: Heal Wounds, Renounce Religion


You were on level 8 of the Dungeon.
You worshipped Makhleb.
Makhleb was aware of your devotion.
You visited 2 branches of the dungeon, and saw 9 of its levels.

You collected 462 gold pieces.

Inventory:

Hand Weapons
 a - a +0 war axe
 y - a +4 battleaxe (weapon)
 F - a cursed +0 dire flail
 J - a +3 dire flail
Armour
 c - a +0 kite shield
 B - a +0 chain mail (worn)
 H - a +1 pair of boots (worn)
Jewellery
 f - a +6 ring of dexterity (left hand)
 x - an uncursed ring of fire
 A - a +6 ring of dexterity (right hand)
Wands
 o - a wand of flame (12)
 p - a wand of polymorph (9)
 D - a wand of enslavement (7)
 L - a wand of digging (4)
Scrolls
 g - 6 scrolls of remove curse
 h - 2 scrolls of noise {unknown}
 j - 3 scrolls of magic mapping {unknown}
 l - 3 scrolls of enchant armour {unknown}
 q - 2 scrolls of identify
 r - 2 scrolls of amnesia {unknown}
 t - a scroll of enchant weapon {unknown}
 u - 5 scrolls of immolation {unknown}
 v - a scroll of fog {unknown}
 w - a scroll of random uselessness {unknown}
 z - a scroll of fear {unknown}
 K - a scroll of teleportation {unknown}
Potions
 b - 2 potions of haste
 d - 3 potions of might
 e - a potion of resistance {unknown}
 i - 3 potions of mutation
 k - 2 potions of flight
 m - 2 potions of cancellation
 n - 2 potions of brilliance
 s - 2 potions of lignification
 C - 2 potions of attraction
 E - a potion of heal wounds {unknown}
 G - a potion of curing {unknown}
 I - 2 potions of invisibility


   Skills:
 + Level 6.1 Fighting
 * Level 9.7 Axes
 + Level 7.3 Armour
 - Level 3.1 Dodging
 - Level 4.2 Shields
 + Level 4.0 Evocations


You had 8 spell levels left.
You didn't know any spells.
Your spell library contained the following spells:

 Spells                   Type           Power        Failure   Level
 Animate Skeleton         Necr           0%           95%         1
 Pain                     Necr           0%           95%         1
 Vampiric Draining        Necr           0%           100%        3
 Animate Dead             Necr           0%           100%        4
 Agony                    Necr           0%           100%        5


Dungeon Overview and Level Annotations

Branches:
Dungeon (8/15)             Temple (1/1) D:4
   Lair: D:8-11

Altars:
Ashenzari
Cheibriados
Dithmenos
Elyvilon
Fedhas
Gozag
Hepliaklqana
Kikubaaqudgha
Makhleb
Nemelex Xobeh
Okawaru
Qazlal
Ru
Sif Muna
Trog
Uskayaw
Vehumet
Xom
Yredelemnul
Zin
The Shining One


Innate Abilities, Weirdness & Mutations

You are resistant to damage.
You can heal yourself by infusing magical energy.
You passively map the area around you.
You do not regenerate.


Message History

The skeletal warrior completely misses you.
You hit the skeletal warrior but do no damage.
The skeletal warrior is moderately damaged.
You closely miss the orc warrior.
The orc warrior hits you with a +0 war axe.
The skeletal warrior hits you with a +0 long sword!
You slash the skeletal warrior!
The skeletal warrior is moderately damaged.
You hit the orc warrior. The orc warrior barely misses you.
The skeletal warrior hits you with a +0 long sword!!
You slash the skeletal warrior!
The skeletal warrior is heavily damaged.
You closely miss the orc warrior. The orc warrior barely misses you.
The skeletal warrior hits you with a +0 long sword!!
* * * LOW HITPOINT WARNING * * *
You hit the skeletal warrior.
The skeletal warrior is heavily damaged.
You hit the orc warrior but do no damage.
The orc warrior hits you with a +0 war axe!
You die...

* *,
###)†#####,#.#.#.###.
* ##..........#.#.#.#
#. _
#......####.#.#.#.#*..
,* * #....(.#,
,#.#.#.# .. * #......#
,#,#.#.#.##.. * *
#......# .# #.#.#.##..
, #.....)#..#
#.#.#.###. ** ,
*,#...).....# ,#.# * *
#.###@###.# *, ,* ,
,,,,#. #oz...# *, , ,
#.* #.##### * * , , *
#.# , , , * * ,,... ,
, , , * #.#,, * , * ,
, #.# , , * , , #.#**
, , , * , * , ,, * ,


You could see a skeletal warrior and an orc warrior.

Vanquished Creatures
  A gargoyle (D:8)
  3 orc warriors (D:7)
  An ice beast (D:7)
  An ogre (D:6)
  3 phantoms
  A sky beast (D:7)
  A centaur (D:7)
  A big kobold (D:7)
  A bullfrog (D:7)
  2 scorpions
  9 wights
  3 electric eels (D:7)
  2 hounds
  2 jellies (D:7)
  An orc priest (D:5)
  Crazy Yiuf (D:5)
  A centaur skeleton (D:3)
  An iguana (D:7)
  11 orc wizards
  6 worker ants
  A worker ant zombie (D:6)
  8 gnolls
  7 adders
  A shadow imp (D:8)
  3 white imps
  4 ufetubi
  An adder zombie (D:7)
  2 worms
  5 leopard geckos
  33 orcs
  9 bats
  2 giant cockroaches (D:2)
  12 goblins
  10 hobgoblins
  8 jackals
  3 quokkas
  A ball python (D:6)
  3 frilled lizards
  13 kobolds
  A leopard gecko skeleton (D:4)
  16 rats
195 creatures vanquished.

Vanquished Creatures (others)
  An adder (D:7)
1 creature vanquished.

Grand Total: 196 creatures vanquished

Notes
Turn   | Place    | Note
-------+----------+-------------------------------------------
     0 | D:1      | Illumine the Deep Dwarf Fighter began the quest for the
                  | Orb.
     0 | D:1      | Reached XP level 1. HP: 20/20 MP: 1/1
    68 | D:1      | Reached XP level 2. HP: 17/27 MP: 2/2
   292 | D:1      | Reached skill level 3 in Axes
   446 | D:1      | Reached XP level 3. HP: 18/34 MP: 3/3
   626 | D:2      | Reached XP level 4. HP: 34/42 MP: 4/4
   667 | D:2      | Found an iron altar of Okawaru.
   674 | D:2      | Reached skill level 4 in Axes
   808 | D:2      | Found a faded altar of an unknown god.
  1094 | D:2      | Reached XP level 5. HP: 34/49 MP: 5/5
  1255 | D:3      | Reached skill level 5 in Axes
  1520 | D:3      | Noticed a phantom
  1556 | D:3      | Reached XP level 6. HP: 48/57 MP: 5/5
  1576 | D:3      | Reached skill level 1 in Dodging
  2004 | D:4      | Found a staircase to the Ecumenical Temple.
  2042 | Temple   | Entered the Ecumenical Temple
  2846 | D:4      | Found a blossoming altar of Fedhas.
  2951 | D:5      | Entered Level 5 of the Dungeon
  3094 | D:5      | Found a runed translucent door.
  3095 | D:5      | Noticed Crazy Yiuf
  3146 | D:5      | Reached XP level 7. HP: 26/58 MP: 5/5
  3152 | D:5      | Reached skill level 5 in Armour
  3156 | D:5      | Reached skill level 6 in Axes
  3874 | D:5      | Killed Crazy Yiuf
  3956 | D:6      | Reached XP level 8. HP: 35/73 MP: 6/6
  4019 | D:6      | Reached skill level 7 in Axes
  4531 | D:7      | Reached skill level 5 in Fighting
  4539 | D:7      | Found a burning altar of Makhleb.
  4572 | D:7      | Became a worshipper of Makhleb the Destroyer
  4615 | D:7      | Reached skill level 8 in Axes
  4806 | D:7      | Reached skill level 1 in Evocations
  4964 | D:7      | Gained mutation: You passively map the area around you.
                  | [Deep Dwarf growth]
  4964 | D:7      | Reached XP level 9. HP: 18/81 MP: 6/6
  5044 | D:7      | Reached skill level 9 in Axes
  5301 | D:7      | Reached * piety under Makhleb
  5350 | D:8      | Found a sparkling altar of Nemelex Xobeh.
  5376 | D:8      | Noticed a gargoyle
  5384 | D:8      | Killed a gargoyle
  5445 | D:8      | Noticed a skeletal warrior
  5456 | D:8      | Slain by an orc warrior

Illustrated notes

Levels and vault maps discovered:
D:1:      lemuel_arrival_hallway, layout_loops_ring, minmay_close_crescents
D:2:      layout_basic, okawaru_gym_becter, chequers_ecumenical_altar_simple
D:3:      layout_loops_ring, lemuel_flame_loot_1
D:4:      layout_layer_cave, minmay_temple_entry_water_ring,
          kennysheep_another_room, fedhas_altar_2
D:5:      layout_basic, nicolae_underground_beach, uniq_crazy_yiuf_cottage
D:6:      layout_basic
D:7:      kennysheep_big_flooded_room, layout_loops_cross, lemuel_crystal_altar
D:8:      minmay_flawed_box, layout_basic, lemuel_doored_altar,
          nemelex_xobeh_ov_fountains_minmay, minmay_chambers_of_fives, uniq_grum
Temple:   dpeg_five_rooms_temple

Skill      XL: |  1  2  3  4  5  6  7  8  9 |
---------------+----------------------------+-----
Axes           | 3 4 5 6 8 9 |  9.7
Fighting       | 3 4 5 6 |  6.1
Armour         | 4 5 6 7 |  7.3
Dodging        | 1 3 |  3.1
Shields        | 4 |  4.2
Evocations     | 2 4 |  4.0

Action                   |  1- 3 |  4- 6 |  7- 9 || total
-------------------------+-------+-------+-------++-------
Melee: War axe           |   116 |   243 |    21 ||   380
       Battleaxe         |       |       |   211 ||   211
 Abil: Heal Wounds       |     1 |     6 |    17 ||    24
  Use: Scroll            |       |       |    10 ||    10
Armor: Scale mail        |    55 |   129 |    27 ||   211
       Chain mail        |       |       |    89 ||    89
Dodge: Dodged            |    53 |    97 |   135 ||   285
Block: Kite shield       |    79 |   156 |    25 ||   260

Table legend: (Time is in decaauts)
 A = Elapsed time spent in this place.
 B = Non-inter-level travel time spent in this place.
 C = Inter-level travel time spent in this place.
 D = Time resting spent in this place.
 E = Time spent auto-exploring this place.
 F = Levels seen in this place.
 G = Mean time per level.
                   A        B        C        D        E       F      G
               +--------+--------+--------+--------+--------+-----+--------+
         Total |   5654 |   5392 |    262 |    100 |   3894 |   9 |  628.2 |
       Dungeon |   5389 |   5157 |    232 |    100 |   3664 |   8 |  673.6 |
        Temple |    264 |    234 |     30 |      0 |    230 |   1 |  264.0 |
               +--------+--------+--------+--------+--------+-----+--------+

Top non-repeatable levels by time:
     D:5: 982 daAuts
     D:7: 834 daAuts
     D:4: 766 daAuts
     D:2: 765 daAuts
     D:3: 745 daAuts
     D:6: 626 daAuts
     D:1: 532 daAuts
  Temple: 264 daAuts
     D:8: 136 daAuts
